 Dungeon Crawl Stone Soup version 0.28-a0-1143-gcf6077d4cc (webtiles) character file.

Game seed: 5671386944854925306

70553 flotson the Fighter (level 14, -4/99 HPs)
             Began as a Demonspawn Gladiator on Dec 14, 2021.
             Was the Champion of Hepliaklqana.
             Killed from afar by Azrael (36 damage)
             ... with a bolt of fire
             ... on level 2 of the Orcish Mines.
             The game lasted 00:48:17 (22678 turns).

flotson the Fighter (Demonspawn Gladiator)         Turns: 22678, Time: 00:48:20

Health: -4/99      AC: 31    Str: 29    XL:     14   Next: 94%
Magic:  21/21      EV: 15    Int: 15    God:    Hepliaklqana [******]
Gold:   1531       SH:  9    Dex: 15    Spells: 21/23 levels left

rFire   . . .      SeeInvis .   a - +0 broad axe
rCold   + . .      Faith    .   c - +0 kite shield
rNeg    + + +      Spirit   .   j - +7 plate armour of Jolyifiv {rN+++ Will- Str+4 Int+3}
rPois   .          Reflect  .   S - +0 hat {Will+}
rElec   .          Harm     .   l - +2 cloak {Will+}
rCorr   .          Rampage  .   P - +0 pair of gloves
Will    +++..                   O - +1 pair of boots
Stlth   ..........              (no amulet)
HPRegen 0.26/turn               A - +6 ring of strength
MPRegen 0.17/turn               N - ring "Ankudun" {rC+ rN+ Will+ Int+2}

@: agile
A: reduced essence, hooves 1, powered by pain 2, sharp scales 3, demonic magic 2
a: Renounce Religion, Recall Ancestor, Ancestor Identity, Transference, Idealise


You were on level 2 of the Orcish Mines.
You worshipped Hepliaklqana.
Hepliaklqana was exalted by your worship.
You visited 4 branches of the dungeon, and saw 19 of its levels.
You also visited: Sewer.

You collected 1884 gold pieces.
You spent 353 gold pieces at shops.

Inventory:

Hand Weapons
 a - a +0 broad axe (weapon)
 b - the +11 hunting sling of Sudden Death {speed, rPois Dex+5}
   (You bought it in a shop on level 1 of the Dungeon)

   Attacks with this weapon are significantly faster.
   Dex:       It affects your dexterity (+5).
   rPois:     It protects you from poison.
 e - a +2 war axe of flaming
Missiles
 d - 6 throwing nets (quivered)
 h - 3 silver boomerangs
 n - 53 poisoned darts
 C - 20 sling bullets
 K - a boomerang of dispersal
 Q - 3 curare-tipped darts
Armour
 c - a +0 kite shield (worn)
 j - the +7 plate armour of Jolyifiv (worn) {rN+++ Will- Str+4 Int+3}
   (You found it on level 2 of the Lair of Beasts)

   Str:       It affects your strength (+4).
   Int:       It affects your intelligence (+3).
   rN:        It renders you almost immune to negative energy.
   Will:      It decreases your willpower.
 l - a +2 cloak of willpower (worn)
 O - a +1 pair of boots (worn)
 P - a +0 pair of gloves (worn)
 S - a +0 hat of willpower (worn)
Jewellery
 f - a ring of resist corrosion
 A - a +6 ring of strength (left hand)
 N - the ring "Ankudun" (right hand) {rC+ rN+ Will+ Int+2}
   (You took it off a kobold on level 10 of the Dungeon)

   [ring of willpower]

   Int:       It affects your intelligence (+2).
   rC:        It protects you from cold.
   rN:        It protects you from negative energy.
   Will:      It increases your willpower.
Wands
 q - a wand of digging (13)
 r - a wand of charming (4)
 J - a wand of polymorph (8)
 V - a wand of acid (3)
 Z - a wand of flame (10)
Scrolls
 o - a scroll of torment {unknown}
 v - 6 scrolls of enchant weapon
 w - 10 scrolls of teleportation
 x - a scroll of brand weapon {unknown}
 y - 4 scrolls of blinking {unknown}
 B - 4 scrolls of enchant armour {unknown}
 D - 5 scrolls of fear
 E - a scroll of magic mapping {unknown}
 F - 2 scrolls of vulnerability {unknown}
 G - a scroll of acquirement {unknown}
 L - a scroll of immolation {unknown}
 R - 2 scrolls of holy word {unknown}
 U - 4 scrolls of fog {unknown}
 W - a scroll of summoning {unknown}
Potions
 g - 6 potions of mutation
 i - 4 potions of lignification
 k - 3 potions of berserk rage
 m - 2 potions of ambrosia
 p - a potion of might
 s - 9 potions of curing
 t - 3 potions of flight
 u - a potion of heal wounds
 z - 6 potions of resistance
 H - a potion of cancellation
 I - 4 potions of attraction
 M - 4 potions of haste
Miscellaneous
 T - a phantom mirror (inert)


   Skills:
 + Level 10.6 Fighting
 + Level 9.9 Axes
 - Level 9.6(10.2) Slings
 - Level 5.1(8.0) Throwing
 + Level 9.4 Armour
 + Level 9.9 Dodging
 + Level 5.1 Shields
 + Level 5.2 Spellcasting
 + Level 5.2 Translocations
 - Level 6.0 Invocations
 - Level 8.0 Evocations


You had 21 spell levels left.
You knew the following spells:

 Your Spells              Type           Power      Damage    Failure   Level
a - Blink                 Tloc           38%        N/A       61%         2

Your spell library contained the following spells:

 Spells                   Type           Power      Damage    Failure   Level
 Gell's Gravitas          Tloc           19%        N/A       83%         3
 Lesser Beckoning         Tloc           19%        N/A       83%         3
 Teleport Other           Tloc           19%        N/A       83%         3
 Beastly Appendage        Tmut           6%         N/A       99%         1
 Magic Dart               Conj           12%        1d3       99%         1
 Corpse Rot               Necr/Air       6%         N/A       100%        2
 Poisonous Vapours        Pois/Air       6%         N/A       100%        2
 Searing Ray              Conj           6%         2d4       100%        2
 Wereblood                Tmut           3%         N/A       100%        2
 Conjure Flame            Conj/Fire      3%         6-21      100%        3
 Ignite Poison            Fire/Tmut/Pois 3%         N/A       100%        3
 Spider Form              Tmut/Pois      3%         N/A       100%        3
 Fulminant Prism          Conj/Hex       1%         3d6       100%        4
 Iskenderun's Mystic Bla  Conj/Tloc      11%        2d4       100%        4
 Leda's Liquefaction      Hex/Erth       1%         N/A       100%        4
 Sticky Flame             Conj/Fire      3%         2d3       100%        4
 Blade Hands              Tmut           1%         N/A       100%        5
 Irradiate                Conj/Tmut      1%         3d13      100%        5
 Lee's Rapid Deconstruct  Erth           1%         3d5*      100%        5
 Manifold Assault         Tloc           19%        N/A       100%        5
 Dispersal                Tloc           9%         N/A       100%        6
 Statue Form              Tmut/Erth      2%         N/A       100%        6
 Dragon Form              Tmut           1%         N/A       100%        7
 Chain Lightning          Conj/Air       1%         3d2       100%        9
 Fire Storm               Conj/Fire      1%         8d1       100%        9
 Shatter                  Erth           1%         3d6*      100%        9


Dungeon Overview and Level Annotations

Branches:
Dungeon (10/15)            Temple (1/1) D:5            Lair (6/6) D:9
 Shoals (0/4) Lair:4       Spider (0/4) Lair:3        Slime (0/5) Lair:5
    Orc (2/2) D:9           Sewer (visited)
    Elf: Orc:2

Altars:
Ashenzari
Cheibriados
Dithmenos
Elyvilon
Fedhas
Gozag
Hepliaklqana
Kikubaaqudgha
Nemelex Xobeh
Okawaru
Qazlal
Ru
Sif Muna
Trog
Xom
Yredelemnul
Zin
Jiyva
Lugonu

Shops:
D:1 (   D:8 ?   D:9 [   Orc:2 *

Portals:
Abyss: Lair:6

Annotations:
Orc:2 Azrael


Innate Abilities, Weirdness & Mutations

Your life essence is reduced to manifest your ancestor. (-10% HP)
You have large cloven feet.
You sometimes gain power by taking damage.
You are completely covered in razor-sharp scales. (AC +3, Slay +3)
Spells you cast may paralyse nearby enemies.


Message History

Press: ? - help, Shift-Dir - straight line, f/p - Azrael
Aim: Azrael, wielding a +0 scimitar of flaming (lightly wounded, ally target, chance to affect: 51%) Izel avoids your attack.
Azrael resists with significant effort.
The now-empty wand crumbles to dust.
Izel hits Azrael with a +0 dagger of draining.
Azrael gestures at you.
The fireball explodes!
The fireball engulfs Izel!
Izel resists.
The fireball engulfs you!
The fireball engulfs Azrael.
Azrael completely resists.
You hear a shout! x3; You hear a howl!
Aiming: Mindburst
Press: ? - help, Shift-Dir - straight line, f/p - Azrael
Aim: Azrael, wielding a +0 scimitar of flaming (lightly wounded, ally target, chance to affect: 76%) Izel avoids your attack.
Azrael's mind is blasted!!
The now-empty wand crumbles to dust.
You hear a shout! x2
Izel hits Azrael with a +0 dagger of draining!
Azrael hits Izel with a +0 scimitar of flaming!
You hear a shout! x2
Aiming: Corrosive Bolt
Press: ? - help, Shift-Dir - straight line, f/p - Azrael
Aim: Azrael, wielding a +0 scimitar of flaming (heavily wounded, ally target, 91% to hit)
Izel avoids your attack.
The bolt of acid hits Azrael!
Azrael is severely wounded.
You hear a shout!
Izel gestures at Azrael while chanting.
Azrael easily resists.
Azrael hits Izel with a +0 scimitar of flaming!!
Azrael burns Izel.
Izel is destroyed!
You hear a shout!
Aiming: Corrosive Bolt
Press: ? - help, Shift-Dir - straight line, f/p - Azrael
Aim: Azrael, wielding a +0 scimitar of flaming (severely wounded, 91% to hit)
The bolt of acid hits Azrael!
The acid corrodes Azrael!
Azrael is almost dead.
Azrael gestures at you. The bolt of fire hits you!!!
You die...

#. .( #.# (# .. #.#
(# #
..#######(###(###(#
..........(..(...(.
...........)...(..
#........)).....(
#.....#@(R(((.(
#.....†)....((
#....##..#....
####.###...# ...
###.##.#....#.. .
##..........##∩..
#..........## .#. #
##.#........#####
..
##.##..##..#...###
.#


You could see Azrael (corroded).

Vanquished Creatures
  Gastronok (Lair:1)
  The ghost of pgiattino the Blocker, a journeyman DDFi of Makhleb (Lair:4)
  3 boulder beetles
  2 hydras
  An ogre mage (D:10)
  Erica (Orc:1)
  A death knight (D:10)
  An anaconda (Lair:4)
  4 death yaks
  5 two-headed ogres
  2 thrashing horrors (Lair:6)
  A fire crab (Lair:6)
  5 lindwurms
  3 large abominations (Lair:6)
  An orb spider (Lair:3)
  An orc knight (Orc:2)
  A wolf spider (D:10)
  A salamander (shapeshifter) (Lair:6)
  A manticore (D:10)
  3 ugly things
  4 cyclopes
  2 oklob plants (Lair:2)
  3 smoke demons (Lair:6)
  7 black mambas
  Maggie (D:6)
  4 rime drakes
  3 torpor snails (Lair:4)
  10 cane toads
  A rime drake (shapeshifter) (Lair:6)
  2 yaktaurs (D:10)
  10 komodo dragons
  An ancient zyme (Lair:6)
  A meliai (D:10)
  2 trolls
  A polar bear (Lair:4)
  21 blink frogs
  7 dream sheep (Lair:5)
  A snapping turtle (Lair:4)
  11 small abominations (Lair:6)
  2 shadows
  A spriggan (Lair:6)
  26 yaks
  A wraith (D:10)
  6 wyverns
  7 basilisks
  4 fire elementals (Orc:2)
  A chaos spawn (Lair:6)
  7 wargs
  3 hell hounds (Orc:2)
  12 water moccasins
  7 orc warriors
  6 ogres
  A black bear (Lair:5)
  2 ice beasts
  2 necrophages
  14 wolves
  7 centaurs
  A phantom (D:6)
  2 kobold brigands (D:10)
  12 bullfrogs
  3 scorpions (D:5)
  2 gnoll sergeants (D:9)
  A water moccasin skeleton (D:7)
  8 killer bees
  An electric eel (Lair:1)
  4 howler monkeys
  2 hounds
  A jelly (D:6)
  2 centaur zombies
  A gnoll shaman (D:9)
  14 orc priests
  Crazy Yiuf (D:7)
  Jessica (D:2)
  2 iguanas
  A merfolk siren (Sewer)
  15 orc wizards
  5 hell rats
  A merfolk avatar (Sewer)
  A killer bee zombie (D:8)
  A hound skeleton (D:4)
  A howler monkey zombie (D:10)
  19 gnolls
  10 adders
  5 river rats
  3 shadow imps
  2 ufetubi
  2 worms
  55 orcs
  7 bats
  8 endoplasms
  6 giant cockroaches
  9 goblins
  5 hobgoblins
  8 jackals
  7 quokkas
  14 ball pythons
  7 frilled lizards
  14 kobolds
  27 rats
531 creatures vanquished.

Vanquished Creatures (collateral kills)
  Jorgrun (Orc:2)
  A dire elephant (Lair:4)
  Nergalle (Lair:1)
  A fire crab (Lair:4)
  2 ugly things
  A black mamba (Lair:5)
  Maurice (Orc:1)
  2 cane toads
  An ancient zyme (Lair:6)
  3 komodo dragons
  A hornet (D:9)
  3 blink frogs (Lair:6)
  5 dream sheep (Lair:5)
  4 yaks
  A warg (Orc:2)
  A water moccasin (Lair:2)
  2 orc warriors (Orc:1)
  An ogre (D:9)
  A necrophage (D:8)
  A wolf (Lair:6)
  2 bullfrogs
  2 killer bees (D:9)
  An electric eel (Lair:4)
  A centaur skeleton (D:7)
  A hell rat (Lair:5)
  A merfolk siren (Sewer)
  A killer bee zombie (D:8)
  2 gnolls (D:9)
  A ball python (Sewer)
  2 rats (Sewer)
48 creatures vanquished.

Vanquished Creatures (others)
  15 hexers
  50 fungi
  64 plants
129 creatures vanquished.

Grand Total: 708 creatures vanquished

Notes
Turn   | Place    | Note
-------+----------+-------------------------------------------
     0 | D:1      | flotson the Demonspawn Gladiator began the quest for the
                  | Orb.
     0 | D:1      | Reached XP level 1. HP: 16/16 MP: 1/1
   192 | D:1      | Found Ryer Ywn's Antique Weapon Shop.
   265 | D:1      | Gained mutation: You are partially covered in razor-sharp
                  | scales. (AC +1, Slay +1) [demonic ancestry]
   265 | D:1      | Reached XP level 2. HP: 3/22 MP: 2/2
   815 | D:1      | Reached skill level 1 in Armour
   893 | D:1      | Reached XP level 3. HP: 28/28 MP: 3/3
  1222 | D:2      | Noticed Jessica
  1230 | D:2      | Killed Jessica
  1473 | D:2      | Reached XP level 4. HP: 19/34 MP: 4/4
  2385 | D:3      | Reached skill level 3 in Fighting
  2385 | D:3      | Gained mutation: Spells you cast may paralyse adjacent
                  | enemies. [demonic ancestry]
  2385 | D:3      | Reached XP level 5. HP: 38/41 MP: 5/5
  2584 | D:3      | Noticed an orc warrior
  3428 | D:5      | Entered Level 5 of the Dungeon
  3546 | D:4      | Found a glowing drain.
  3553 | Sewer    | Entered a sewer
  3866 | Sewer    | Gained mutation: You have large cloven feet. [demonic
                  | ancestry]
  3866 | Sewer    | Reached XP level 6. HP: 25/47 MP: 6/6
  4477 | Sewer    | Reached skill level 1 in Evocations
  4956 | D:1      | Bought a twisted hunting sling for 136 gold pieces
  4956 | D:1      | Identified the +11 hunting sling of Sudden Death {speed,
                  | rPois Dex+5} (You bought it in a shop on level 1 of the
                  | Dungeon)
  5147 | D:3      | Killed an orc warrior
  5148 | D:3      | Reached XP level 7. HP: 45/53 MP: 7/7
  5797 | D:4      | Reached skill level 4 in Fighting
  6187 | D:5      | Found a staircase to the Ecumenical Temple.
  6206 | Temple   | Entered the Ecumenical Temple
  6247 | Temple   | Became a worshipper of Hepliaklqana the Forgotten
  6338 | D:5      | Reached XP level 8. HP: 61/61 MP: 8/8
  6965 | D:6      | Reached skill level 5 in Fighting
  6968 | D:6      | Reached skill level 5 in Dodging
  7046 | D:6      | Noticed Maggie
  7084 | D:6      | Killed Maggie
  7085 | D:6      | Gained mutation: You sometimes gain a little power by
                  | taking damage. [demonic ancestry]
  7085 | D:6      | Reached XP level 9. HP: 22/68 MP: 9/9
  7315 | D:6      | Reached skill level 5 in Axes
  7350 | D:6      | Reached skill level 5 in Throwing
  8303 | D:7      | Reached * piety under Hepliaklqana
  8321 | D:7      | Reached skill level 1 in Slings
  8595 | D:7      | Found a runed translucent door.
  8596 | D:7      | Noticed Crazy Yiuf
  8601 | D:7      | Killed Crazy Yiuf
  8750 | D:8      | Reached skill level 5 in Armour
  8752 | D:8      | Reached skill level 6 in Fighting
  8882 | D:8      | Noticed a two-headed ogre
  8887 | D:8      | Killed a two-headed ogre
  8888 | D:8      | Reached skill level 5 in Evocations
  8888 | D:8      | Reached XP level 10. HP: 69/69 MP: 10/10
  8933 | D:8      | Reached ** piety under Hepliaklqana
  8934 | D:8      | Remembered your ancestor Izel as a hexer
  9034 | D:8      | Found Hujuedehoth's Magic Scroll Shop.
  9038 | D:8      | Bought a scroll of identify for 28 gold pieces
  9038 | D:8      | Bought a scroll of identify for 28 gold pieces
  9038 | D:8      | Bought a scroll of identify for 28 gold pieces
  9038 | D:8      | Bought a scroll of noise for 14 gold pieces
  9038 | D:8      | Bought a scroll of identify for 28 gold pieces
  9038 | D:8      | Bought a scroll of teleportation for 42 gold pieces
  9038 | D:8      | Bought a scroll of fear for 49 gold pieces
  9051 | D:8      | Gained mutation: You sometimes gain power by taking damage.
                  | [demonic ancestry]
  9051 | D:8      | Reached XP level 11. HP: 73/73 MP: 11/11
  9348 | D:9      | Noticed a death yak
  9353 | D:9      | Noticed a death yak
  9361 | D:9      | Killed a death yak
  9365 | D:9      | Noticed a death yak
  9656 | D:8      | Found Hujuedehoth's Magic Scroll Shop.
  9681 | D:8      | Killed a death yak
  9691 | D:8      | Killed a death yak
 10058 | D:9      | Found a staircase to the Lair.
 10567 | D:9      | Reached skill level 7 in Fighting
 10673 | D:9      | Found a staircase to the Orcish Mines.
 11251 | D:9      | Found Diusush's Antique Armour Boutique.
 11445 | D:10     | Entered Level 10 of the Dungeon
 11447 | D:10     | Noticed a two-headed ogre
 11456 | D:10     | Killed a two-headed ogre
 11458 | D:10     | Found a sacrificial altar of Ru.
 11458 | D:10     | Noticed a two-headed ogre
 11462 | D:10     | Noticed a two-headed ogre
 11468 | D:10     | Killed a two-headed ogre
 11476 | D:10     | Killed a two-headed ogre
 11487 | D:10     | Noticed a two-headed ogre
 11497 | D:10     | Killed a two-headed ogre
 11497 | D:10     | Noticed an ogre mage
 11507 | D:10     | Killed an ogre mage
 11660 | D:10     | Gained mutation: You are mostly covered in razor-sharp
                  | scales. (AC +2, Slay +2) [demonic ancestry]
 11660 | D:10     | Reached XP level 12. HP: 82/82 MP: 12/12
 11895 | D:10     | Found a shadowy altar of Dithmenos.
 11896 | D:10     | Found a basalt altar of Yredelemnul.
 11896 | D:10     | Found a broken altar of Ashenzari.
 11896 | D:10     | Found an opulent altar of Gozag.
 11903 | D:10     | Reached skill level 8 in Fighting
 11949 | D:10     | Identified the ring "Ankudun" {rC+ rN+ Will+ Int+2}
 12198 | D:10     | Noticed an eight-headed hydra
 12206 | D:10     | Killed an eight-headed hydra
 12376 | D:10     | Noticed a death knight
 12742 | D:10     | Killed a death knight
 13200 | Lair:1   | Entered Level 1 of the Lair of Beasts
 13200 | Lair:1   | Noticed Sonja
 13203 | D:9      | Noticed Sonja
 13203 | D:9      | Sonja changed into Sonja the ogre
 13205 | D:9      | Killed Sonja the ogre
 13599 | Lair:1   | Learned a level 2 spell: Blink
 13813 | Lair:1   | Reached *** piety under Hepliaklqana
 13814 | Lair:1   | Noticed Gastronok
 13829 | Lair:1   | Killed Gastronok
 13830 | Lair:1   | Reached skill level 9 in Fighting
 13901 | Lair:1   | Found an ancient bone altar of Kikubaaqudgha.
 13971 | Lair:1   | Reached skill level 1 in Spellcasting
 13979 | Lair:1   | Reached skill level 1 in Translocations
 14155 | Lair:1   | Noticed Nergalle
 14167 | Lair:1   | Killed Nergalle
 14168 | Lair:1   | Gained mutation: You are completely covered in razor-sharp
                  | scales. (AC +3, Slay +3) [demonic ancestry]
 14168 | Lair:1   | Reached XP level 13. HP: 79/90 MP: 14/14
 14643 | Lair:2   | Identified the +7 plate armour of Jolyifiv {rN+++ Will-
                  | Str+4 Int+3}
 14760 | Lair:2   | Reached skill level 1 in Shields
 15088 | Lair:2   | Found a blossoming altar of Fedhas.
 15701 | Lair:2   | Reached skill level 1 in Invocations
 15782 | Lair:2   | Identified the +4 spear of the Hierophant {holy, rC+ Dex-4
                  | Stlth+}
 15924 | Lair:3   | Reached **** piety under Hepliaklqana
 16233 | Lair:3   | Found a hole to the Spider Nest.
 16824 | Lair:4   | Noticed a dire elephant
 16840 | Lair:4   | Killed a dire elephant
 17424 | Lair:4   | Found a staircase to the Shoals.
 17965 | Lair:4   | Noticed pgiattino's ghost (journeyman DDFi)
 17984 | Lair:4   | Found a runed translucent door.
 18371 | Lair:4   | Killed pgiattino's ghost
 18372 | Lair:4   | Gained mutation: Spells you cast may paralyse nearby
                  | enemies. [demonic ancestry]
 18372 | Lair:4   | Reached XP level 14. HP: 98/98 MP: 19/19
 18483 | Lair:5   | Reached ***** piety under Hepliaklqana
 18496 | Lair:5   | Reached skill level 5 in Invocations
 18525 | Lair:5   | Found a staircase to the Slime Pits.
 18525 | Lair:5   | Found a viscous altar of Jiyva.
 19095 | Lair:5   | Reached skill level 10 in Fighting
 19257 | Lair:6   | Entered Level 6 of the Lair of Beasts
 19556 | Lair:6   | Identified the +5 hunting sling "Jogh" {freeze, rElec rPois
                  | Dex+6}
 20447 | Lair:6   | Found a corrupted altar of Lugonu.
 20447 | Lair:6   | Found a one-way gate to the infinite horrors of the Abyss.
 20888 | Lair:6   | Identified the +4 battleaxe of Death's Door {drain, *Noise
                  | rPois rCorr Dex-2}
 21186 | Lair:6   | Reached skill level 5 in Translocations
 21221 | Lair:6   | Reached skill level 5 in Spellcasting
 21507 | Orc:1    | Entered Level 1 of the Orcish Mines
 21507 | Orc:1    | Noticed Maurice
 21613 | Orc:1    | Killed Maurice
 21853 | Orc:1    | Noticed Erica
 21868 | Orc:1    | Killed Erica
 21869 | Orc:1    | Reached skill level 5 in Shields
 21983 | Orc:2    | Entered Level 2 of the Orcish Mines
 22062 | Orc:2    | Reached ****** piety under Hepliaklqana
 22261 | Orc:2    | Noticed Jorgrun
 22276 | Orc:2    | Killed Jorgrun
 22593 | Orc:2    | Found Xoex's General Store.
 22667 | Orc:2    | Noticed Azrael
 22678 | Orc:2    | Killed from afar by Azrael

Illustrated notes

Levels and vault maps discovered:
D:1:      tarquinn_simple_flora_water_c, layout_loops_ring, serial_shops, shop,
          minmay_misc_feat_secret_circle, minmay_misc_feat_pillars
D:2:      layout_basic, uniq_jessica
D:3:      layout_basic
D:4:      layout_cave_pools, portal_sewer_entry_b
D:5:      layout_rooms, minmay_temple_entry_large_hall, minmay_small_thing
D:6:      layout_basic, uniq_maggie
D:7:      layout_cave_pods, st_stairs_3, uniq_crazy_yiuf_cottage
D:8:      layout_cave_pools, serial_shops, shop
D:9:      layout_roguey, dpeg_lair_monsters, erik_orc_4, serial_shops,
          nicolae_shop_window_shopping
D:10:     minmay_the_grid_octo_2x2 [minmay_the_grid_octo_pinwheel,
          minmay_the_grid_octo_focus, minmay_the_grid_octo_shrine,
          minmay_the_grid_octo_prize_big_c], layout_cave_pools,
          mainiacjoe_overflow_small_starburst
Temple:   nicolae_temple_the_god_donut
Lair:1:   layout_roguey, basic_altar, serial_forest,
          infiniplex_forest_lined_corner, infiniplex_forest_lined_2,
          infiniplex_forest_zigzag_2, infiniplex_forest_straight_2,
          infiniplex_forest_end_3, infiniplex_forest_straight_2,
          infiniplex_staircase_pool, uniq_nergalle, uniq_gastronok, uniq_sonja
Lair:2:   layout_loops_ring, hangedman_tree_tricks, minmay_lindwurm_lava
Lair:3:   layout_cave_shapes, nicolae_spider_entry_orb_guardian,
          chequers_serial_rivers_micro_c, nzn_sisyphean_effort,
          grunt_megastairs_1, serial_bayou_shore_b
Lair:4:   nzn_winding_woodlands_large [nzn_winding_woodlands_5x5_checkerboard,
          nzn_winding_woodlands_5x15_concentric,
          nzn_winding_woodlands_5x5_default, nzn_winding_woodlands_center_lodge,
          nzn_winding_woodlands_15x15_boxy_spiral,
          nzn_winding_woodlands_center_garden, nzn_winding_woodlands_5x5_three,
          nzn_winding_woodlands_5x15_lazy_stream,
          nzn_winding_woodlands_hourglass], layout_loops_ring,
          minmay_shoals_entry_hut, hellmonk_ghost_happy_afterlife
Lair:5:   layout_loops_ring, slime_altar_1, serial_bayou_shore_a,
          grunt_megastairs_2
Lair:6:   hellmonk_lair_end_abyssal_woods, layout_regular_city
Orc:1:    layout_caves, nicolae_orc_sculptors_studio, uniq_erica, uniq_maurice
Orc:2:    st_orc_town, layout_caves, serial_shops, shop, uniq_azrael,
          uniq_jorgrun

Skill      XL: |  1  2  3  4  5  6  7  8  9 10 11 12 13 14 |
---------------+-------------------------------------------+-----
Throwing       | 2 3 4 5 |  5.1
Armour         | 1 2 3 4 5 6 7 8 9 |  9.4
Dodging        | 3 4 5 6 7 8 9 |  9.9
Fighting       | 3 4 5 6 7 9 10 | 10.6
Axes           | 3 4 5 7 8 9 |  9.9
Evocations     | 1 2 3 5 6 8 |  8.0
Slings         | 2 9 |  9.6
Spellcasting   | 1 3 5 |  5.2
Translocations | 1 3 5 |  5.2
Shields        | 3 5 |  5.1
Invocations    | 4 6 |  6.0

Action                   |  1- 3 |  4- 6 |  7- 9 | 10-12 | 13-15 || total
-------------------------+-------+-------+-------+-------+-------++-------
Melee: War axe           |   121 |    46 |       |       |       ||   167
       Broad axe         |       |   203 |       |    18 |    91 ||   312
       Unarmed           |       |       |       |       |     4 ||     4
 Fire: Hunting sling     |       |     7 |   271 |   633 |   833 ||  1744
Throw: Throwing net      |       |     2 |       |       |       ||     2
Invok: Ancestor Life: He |       |       |       |     1 |       ||     1
       Recall Ancestor   |       |       |       |     1 |     2 ||     3
Evoke: Wand              |       |     6 |       |     1 |     9 ||    16
       Phantom mirror    |       |       |       |       |     1 ||     1
  Use: Potion            |       |     2 |       |     3 |     2 ||     7
       Scroll            |       |     1 |       |    12 |     6 ||    19
 Stab: Sleeping          |     1 |       |       |       |       ||     1
       Distracted        |       |       |       |       |     1 ||     1
       Confused          |       |       |       |       |     1 ||     1
Armor: Leather armour    |    67 |    30 |       |       |       ||    97
       Ring mail         |       |   103 |    13 |    55 |       ||   171
       Plate armour      |       |       |       |       |   149 ||   149
Dodge: Dodged            |   101 |   155 |    27 |   127 |   110 ||   520
Block: Kite shield       |       |       |       |     9 |   129 ||   138

Table legend: (Time is in decaauts)
 A = Elapsed time spent in this place.
 B = Non-inter-level travel time spent in this place.
 C = Inter-level travel time spent in this place.
 D = Time resting spent in this place.
 E = Time spent auto-exploring this place.
 F = Levels seen in this place.
 G = Mean time per level.
                   A        B        C        D        E       F      G
               +--------+--------+--------+--------+--------+-----+--------+
         Total |  22338 |  21609 |    729 |   1034 |  16490 |  20 | 1116.9 |
       Dungeon |  11940 |  11437 |    503 |    787 |   8614 |  10 | 1194.0 |
        Temple |     64 |     41 |     23 |      0 |     26 |   1 |   64.0 |
          Lair |   7933 |   7746 |    187 |    247 |   6205 |   6 | 1322.2 |
  Orcish Mines |   1094 |   1079 |     15 |      0 |    856 |   2 |  547.0 |
         Sewer |   1304 |   1304 |      0 |      0 |    788 |   1 | 1304.0 |
               +--------+--------+--------+--------+--------+-----+--------+

Top non-repeatable levels by time:
     D:3: 1968 daAuts
  Lair:6: 1966 daAuts
  Lair:4: 1748 daAuts
     D:8: 1533 daAuts
     D:9: 1495 daAuts
    D:10: 1341 daAuts
     D:1: 1305 daAuts
   Sewer: 1304 daAuts
  Lair:2: 1291 daAuts
  Lair:1: 1178 daAuts
     D:6: 1029 daAuts
     D:2: 1025 daAuts
  Lair:3: 901 daAuts
     D:5: 851 daAuts
  Lair:5: 847 daAuts
